 Dungeon Crawl Stone Soup version 0.27-a0-562-g0d39f094a4 (webtiles) character file.

Game seed: 15548108808698089558

25 porpoise the Skirmisher (level 2, 0/28 HPs)
             Began as a Minotaur Delver on Mar 9, 2021.
             Slain by an iguana (8 damage)
             ... on level 4 of the Dungeon.
             The game lasted 00:01:29 (258 turns).

porpoise the Skirmisher (Minotaur Delver)            Turns: 258, Time: 00:01:30

Health: 0/28       AC:  3    Str: 16    XL:     2   Next: 82%
Magic:  1/1        EV: 11    Int:  7    God:
Gold:   21         SH:  0    Dex: 11    Spells: 1/1 levels left

rFire    . . .     SeeInvis .   a - +0 mace
rCold    . . .     Faith    .   (no shield)
rNeg     . . .     Spirit   .   b - +0 leather armour
rPois    .         Reflect  .   (helmet restricted)
rElec    .         Harm     .   (no cloak)
rCorr    .         Rampage  .   (no gloves)
Will     .....                  (no boots)
Stlth    ++........             (no amulet)
HPRegen  0.09/turn              (no ring)
MPRegen  0.07/turn              (no ring)

@: no status effects
A: horns 2, retaliatory headbutt
a: no special abilities


You were on level 4 of the Dungeon.
You visited 1 branch of the dungeon, and saw 2 of its levels.

You collected 21 gold pieces.

Inventory:

Hand Weapons
 a - a +0 mace (weapon)
Armour
 b - a +0 leather armour (worn)
Wands
 g - a wand of digging (3)
Scrolls
 c - a scroll of fog
 d - a scroll of magic mapping
 e - a scroll of fear
 h - a scroll of blinking {unknown}
 i - a scroll of identify {unknown}
 j - a scroll of teleportation {unknown}
Potions
 f - a potion of haste


   Skills:
 + Level 4.3 Fighting
 + Level 3.4 Maces & Flails
 - Level 2.1 Dodging
 - Level 4.1 Stealth


You had one spell level left.
You didn't know any spells.
Your spell library was empty.

Dungeon Overview and Level Annotations

Branches:
Dungeon (5/15)
 Temple: D:4-7

Altars:

Shops:
D:5 [


Innate Abilities, Weirdness & Mutations

You have a pair of horns on your head.
You reflexively headbutt those who attack you in melee.


Message History

The iguana is severely wounded.
The iguana barely misses you. You furiously retaliate!
You headbutt the iguana. You hit the iguana.
You kill the iguana!
Your Fighting skill increases to level 4!
Your Maces & Flails skill increases to level 3!
You have reached level 2!
You start resting.
HP restored.
There is a stone staircase leading up here.
You climb upwards.
The iguana closely misses you.
There is a stone staircase leading down here.
You hit the iguana.
The iguana is lightly wounded.
The iguana closely misses you.
The iguana bites you but does no damage.
You hit the iguana.
The iguana is moderately wounded.
The iguana bites you!
You closely miss the iguana.
The iguana is moderately wounded.
The iguana bites you but does no damage.
You barely miss the iguana. You headbutt the iguana!
The iguana is almost dead.
The iguana bites you.
You barely miss the iguana.
The iguana is almost dead.
The iguana closely misses you. The iguana barely misses you.
You hit the iguana but do no damage. Your headbutt misses the iguana.
The iguana is almost dead.
The iguana bites you but does no damage.
You hit the iguana. Your headbutt misses the iguana.
The iguana is almost dead.
The iguana bites you!
* * * LOW HITPOINT WARNING * * *
You are too injured to fight recklessly!
You hit the iguana but do no damage.
The iguana is almost dead.
The iguana bites you!
You die...

..
#............. .
#.............
#.#.............
#[##'###########
#.....# #.....#
#.....# #.....#
#....@# #...l.#
#.....# #######


You could see an iguana.

Vanquished Creatures
  An iguana (D:5)
1 creature vanquished.

Notes
Turn   | Place    | Note
-------+----------+-------------------------------------------
     0 | D:5      | porpoise the Minotaur Delver began the quest for the Orb.
     0 | D:5      | Reached XP level 1. HP: 19/19 MP: 0/0
     8 | D:5      | Noticed a phantom
    79 | D:5      | Found Fysaotiq's Antique Armour Shop.
   117 | D:4      | Noticed an iguana
   118 | D:4      | Noticed an iguana
   149 | D:5      | Killed an iguana
   150 | D:5      | Reached XP level 2. HP: 19/28 MP: 1/1
   258 | D:4      | Slain by an iguana

Illustrated notes

Levels and vault maps discovered:
D:4:      layout_gridville, tso_oasis_becter, minmay_temple_entry_poolview
D:5:      layout_cave_pods, gammafunk_temple_overflow_elements, basic_altar,
          serial_shops, shop, nicolae_shop_behind_doors, shop, shop,
          serial_park_tiny_2, uniq_sigmund, uniq_prince_ribbit1

Skill      XL: |  1 |
---------------+----+-----
Fighting       | 4 |  4.3
Maces & Flails | 3 |  3.4
Dodging        | |  2.1
Stealth        | |  4.1

Action                   || total
-------------------------++-------
Melee: Mace              ||    13
       Headbutt          ||     2
Armor: Leather armour    ||     3
Dodge: Dodged            ||     9

Table legend: (Time is in decaauts)
 A = Elapsed time spent in this place.
 B = Non-inter-level travel time spent in this place.
 C = Inter-level travel time spent in this place.
 D = Time resting spent in this place.
 E = Time spent auto-exploring this place.
 F = Levels seen in this place.
 G = Mean time per level.
                   A        B        C        D        E       F      G
               +--------+--------+--------+--------+--------+-----+--------+
         Total |    261 |    261 |      0 |     97 |      0 |   2 |  130.5 |
       Dungeon |    261 |    261 |      0 |     97 |      0 |   2 |  130.5 |
               +--------+--------+--------+--------+--------+-----+--------+

Top non-repeatable levels by time:
     D:5: 201 daAuts
     D:4: 60 daAuts
